 Dungeon Crawl Stone Soup version 0.23-a0-207-g93a313e (webtiles) character file.

375 MisterFreud the Sneak (level 6, -2/49 HPs)
             Began as a Naga Fire Elementalist on Sept 24, 2018.
             Slain by an iguana (3 damage)
             ... on level 4 of the Dungeon.
             The game lasted 00:12:53 (3448 turns).

MisterFreud the Sneak (Naga Fire Elementalist)      Turns: 3448, Time: 00:12:54

Health: -2/49      AC:  5    Str: 10    XL:     6   Next: 73%
Magic:  9/9        EV: 10    Int: 18    God:
Gold:   127        SH:  0    Dex: 11    Spells: 1/9 levels left

rFire    + . .     SeeInvis +   e - +3 short sword (flame)
rCold    + . .     Gourm    .   (no shield)
rNeg     . . .     Faith    .   l - +2 robe {rC+ rF+}
rPois    +         Spirit   .   (no helmet)
rElec    .         Reflect  .   (no cloak)
rCorr    .         Harm     .   (no gloves)
MR       .....                  (no barding)
Stlth    ++++......             (no amulet)
HPRegen  0.16/turn              i - ring of stealth
MPRegen  0.11/turn              (no ring)

@: very slow
A: large, see invisible, deformed body, poison resistance, slowness 2, slow
metabolism 1, spit poison 1, AC +2
a: Spit Poison


You were on level 4 of the Dungeon.
You were not hungry.

You visited 1 branch of the dungeon, and saw 5 of its levels.

You collected 127 gold pieces.

Inventory:

Hand Weapons
 e - a +3 short sword of flaming (weapon)
 n - a +0 trident of protection
Missiles
 d - 53 stones (quivered)
Armour
 f - a +2 robe of magic resistance
 l - a +2 robe of resistance (worn)
Jewellery
 i - a ring of stealth (left hand)
Scrolls
 h - 2 scrolls of amnesia
 j - a scroll of remove curse
 k - a scroll of magic mapping
Potions
 a - 2 potions of magic
 b - 2 potions of degeneration {unknown}
 g - a potion of heal wounds {unknown}
 o - a potion of curing {unknown}
 q - 3 potions of berserk rage
Comestibles
 c - 5 rations


   Skills:
 - Level 1.5 Dodging
 + Level 5.8 Stealth
 - Level 2.0 Spellcasting
 + Level 4.6 Conjurations
 + Level 4.6 Fire Magic


You had one spell level left.
You knew the following spells:

 Your Spells              Type           Power        Failure   Level  Hunger
a - Flame Tongue          Conj/Fire      ###..        2%          1    #......
b - Conjure Flame         Conj/Fire      ###.....     9%          3    ###....
c - Sticky Flame          Conj/Fire      ###.....     26%         4    #####..

Your spell library contained the following spells:

 Spells                   Type           Power        Failure   Level  Hunger
 Throw Flame              Conj/Fire      ###...       4%          2    ###....
 Inner Flame              Hex/Fire       ##......     22%         3    ###....
 Fireball                 Conj/Fire      ###.......   58%         5    ######.


Dungeon Overview and Level Annotations

Branches:
Dungeon (5/15)
 Temple: D:4-7

Altars:

Annotations:
D:4 Blork the orc


Innate Abilities, Weirdness & Mutations

You cannot wear boots.
Your serpentine skin is tough. (AC +2)
You have supernaturally acute eyesight. (SInv)
Armour fits poorly on your strangely shaped body.
Your system is resistant to poisons. (rPois)
You cover ground very slowly.
You have a slow metabolism.
You can spit poison.


Message History

Found a ring mail and 5 gold pieces.
A quokka comes into view.
The iguana hisses angrily.
You hear a shout!
Blork the orc comes into view.
He is wielding a flail.
The iguana bites you!
* * * LOW HITPOINT WARNING * * *
The iguana bites you but does no damage.
You see here a glowing dagger.
Okay, then.
The iguana closely misses you.
There is a stone staircase leading up here.
Blork the orc hits you with a flail!
* * * LOW HITPOINT WARNING * * *
The iguana bites you!
* * * LOW HITPOINT WARNING * * *
You climb upwards.
The phantom barely misses you. The phantom closely misses you.
There is a stone staircase leading down here.
The iguana bites you.
You die...

# #.......# # #.......#
################.......#
.................=.....#
..## ###.####.#........#
#..#####.## #.#........#
..........###.#W.......#
...............o>......#
...........##.#.@l######
#.................#
......#..#..#.....#
..........#.#.....#
...#........#.....#
...##.#........#..#
......#........#..#
..###.#.....<.##..+ .##
#...<...##..#


You could see a phantom, Blork the orc and an iguana.

Vanquished Creatures
  Sigmund (D:2)
  An orc priest (D:3)
  An orc wizard (D:3)
  4 adders
  2 howler monkey skeletons
  A shadow imp (D:4)
  3 oozes
  An adder skeleton (D:4)
  4 dart slugs
  5 leopard geckos
  11 orcs (D:3)
  3 giant cockroaches
  7 goblins
  7 hobgoblins
  4 jackals (D:1)
  6 kobolds
  A ball python (D:4)
  5 bats
  4 frilled lizards
  4 rats
75 creatures vanquished.

Notes
Turn   | Place    | Note
-------+----------+-------------------------------------------
     0 | D:1      | MisterFreud the Naga Fire Elementalist began the quest for
                  | the Orb.
     0 | D:1      | Reached XP level 1. HP: 15/15 MP: 3/3
   178 | D:1      | Reached XP level 2. HP: 15/22 MP: 3/5
   520 | D:1      | Reached XP level 3. HP: 28/28 MP: 4/6
   721 | D:1      | Learned a level 3 spell: Conjure Flame
   747 | D:2      | Noticed Sigmund
  1275 | D:2      | Reached XP level 4. HP: 24/36 MP: 1/7
  1437 | D:2      | Killed Sigmund
  1437 | D:2      | Reached skill level 4 in Stealth
  1437 | D:2      | Reached XP level 5. HP: 20/42 MP: 3/8
  1746 | D:2      | Reached skill level 5 in Stealth
  1752 | D:2      | Reached XP level 6. HP: 49/49 MP: 9/9
  3208 | D:3      | Learned a level 4 spell: Sticky Flame
  3248 | D:4      | Noticed a phantom
  3439 | D:5      | Entered Level 5 of the Dungeon
  3442 | D:5      | Noticed Blork the orc
  3446 | D:5      | HP: 1/49 [iguana (7)]
  3448 | D:4      | Slain by an iguana

Vault maps used:
D:1:      tarquinn_simple_flora_water_b
D:2:      uniq_sigmund
D:3:      first_ration, minmay_misc_feat_tiny
D:4:      overflow_temple_1_default, kennysheep_generic_room_5
D:5:      ebering_ghost_gozag, uniq_blork_the_orc

Skill      XL: |  1  2  3  4  5 |
---------------+----------------+-----
Conjurations   | 2 3 4 |  4.6
Stealth        | 4 5 |  5.8
Fire Magic     | 4 |  4.6
Dodging        | |  1.5
Spellcasting   | |  2.0

Action                   |  1- 3 |  4- 6 || total
-------------------------+-------+-------++-------
Melee: Unarmed           |     3 |       ||     3
       Short sword       |     6 |    91 ||    97
Throw: Stone             |       |     1 ||     1
 Cast: Flame Tongue      |    31 |    20 ||    51
 Abil: Spit Poison       |    19 |     5 ||    24
  Use: Scroll            |       |     8 ||     8
 Stab: Sleeping          |     4 |    11 ||    15
  Eat: Chunk             |     2 |     6 ||     8
Armor: Robe              |     7 |    27 ||    34
Dodge: Dodged            |    21 |    46 ||    67

Table legend:
 A = Non-vault XP
 B = Vault XP
 C = Vault XP percentage of total XP
 D = Non-vault monster count
 E = Vault monster count
 F = Vault count percentage of total count
                 A         B        C        D         E       F
            +---------+---------+-------+---------+---------+-------
      Total |     329 |     208 |  38.7 |      74 |       1 |   1.3
            +---------+---------+-------+---------+---------+-------
        D:1 |      45 |       0 |   0.0 |      20 |       0 |   0.0
        D:2 |      68 |     208 |  75.4 |      18 |       1 |   5.3
        D:3 |     165 |       0 |   0.0 |      27 |       0 |   0.0
        D:4 |      51 |       0 |   0.0 |       9 |       0 |   0.0
            +---------+---------+-------+---------+---------+-------
